 Dungeon Crawl Stone Soup version 0.26.1-11-gd32895ea62 (webtiles) character file.

Game seed: 13761351373972637321

11715 ubername the Geomancer (level 11, -2/70 HPs)
             Began as a Gargoyle Earth Elementalist on Apr 26, 2021.
             Was an Initiate of Gozag.
             Shot with an arrow by a centaur (4 damage)
             ... on level 14 of the Dungeon.
             The game lasted 00:53:12 (14490 turns).

ubername the Geomancer (GrEE)                      Turns: 14490, Time: 00:53:15

Health: -2/70      AC: 15    Str: 12 (13) XL:     11   Next: 82%
Magic:  16/25      EV: 13    Int: 17 (18) God:    Gozag
Gold:   1212       SH:  0    Dex: 10 (13) Spells: 15/30 levels left

rFire    + . .     SeeInvis +   K - +8 morningstar of Poverty {drain, rPois rF+ SInv}
rCold    . . .     Faith    .   (no shield)
rNeg     + + .     Spirit   .   c - +1 robe
rPois    ∞         Reflect  .   B - +2 helmet
rElec    +         Harm     .   (no cloak)
rCorr    +         Rampage  .   t - +0 pair of fencer's gloves {Riposte Dex+3}
Will     .....                  (no boots)
Stlth    +++.......             w - amulet of magic regeneration
HPRegen  0.21/turn              y - ring of resist corrosion
MPRegen  0.44/turn              x - ring of positive energy

@: no status effects
A: deterioration 1, mutation resistance 1, negative energy resistance 1, robust
1, electricity resistance, unbreathing, petrification resistance, miasma
immunity, AC +8
a: Renounce Religion, Potion Petition, Call Merchant, Bribe Branch


You were on level 14 of the Dungeon.
You worshipped Gozag.
Gozag was most pleased with you.
You visited 2 branches of the dungeon, and saw 13 of its levels.

You collected 2305 gold pieces.
You spent 1062 gold pieces at shops.
You paid 31 gold pieces to Gozag.

Inventory:

Hand Weapons
 a - a +3 dire flail of protection
 b - the +7 mace "Dierr" {antimagic, Int-3 Dex+4 SInv}
   (You found it on level 7 of the Dungeon)

   It reduces the magical energy of the wielder, and disrupts the spells and
   magical abilities of those hit.
   Natural abilities and divine invocations are not affected.
   It affects your intelligence (-3).
   It affects your dexterity (+4).
   It lets you see invisible.
 l - a +0 hunting sling
 o - a +0 morningstar
 r - a +0 great mace
 K - the +8 morningstar of Poverty (weapon) {drain, rPois rF+ SInv}
   (You bought it in a shop on level 9 of the Dungeon)

   A truly terrible weapon, it drains the life of those it strikes.
   It protects you from fire.
   It protects you from poison.
   It lets you see invisible.
Missiles
 s - 2 silver javelins
 z - 127 stones
 C - 6 poisoned darts (quivered)
Armour
 c - a +1 robe (worn)
 n - a +3 leather armour
 t - the +0 pair of fencer's gloves (worn) {Riposte Dex+3}
   (You bought it in a shop on level 5 of the Dungeon)

   It affects your dexterity (+3).
 B - a +2 helmet (worn)
Jewellery
 j - an uncursed ring of protection from cold
 w - an amulet of magic regeneration (around neck)
 x - a ring of positive energy (right hand)
 y - a ring of resist corrosion (left hand)
 A - a cursed -4 ring of dexterity {unknown}
 L - an uncursed ring of willpower {unknown}
Wands
 e - a wand of enslavement (3)
 F - a wand of random effects (6)
 G - a wand of acid (9)
 H - a wand of flame (13)
Scrolls
 d - 3 scrolls of enchant armour
 f - a scroll of teleportation
 h - 8 scrolls of identify
 i - 8 scrolls of remove curse
 k - 3 scrolls of magic mapping
 u - 2 scrolls of amnesia
 v - a scroll of fear
 D - 2 scrolls of enchant weapon
Potions
 p - 8 potions of curing
 q - 2 potions of haste
 I - a potion of flight
 J - a potion of ambrosia
Miscellaneous
 g - a phantom mirror


   Skills:
 + Level 5.4 Fighting
 - Level 0.2 Short Blades
 * Level 4.0 Maces & Flails
 + Level 3.3 Throwing
 + Level 4.8 Dodging
 + Level 5.1 Stealth
 * Level 10.3 Spellcasting
 + Level 2.4 Conjurations
 + Level 0.9 Transmutations
 * Level 12.5 Earth Magic
 + Level 1.0 Evocations


You had 15 spell levels left.
You knew the following spells:

 Your Spells              Type           Power        Failure   Level
a - Sandblast             Erth           100%         1%          1
b - Lee's Rapid Deconstr  Erth           25%          1%          5
c - Petrify               Tmut/Erth      31%          5%          4
d - Stone Arrow           Conj/Erth      68%          1%          3
e - Passwall              Tmut/Erth      25%          1%          2

Your spell library contained the following spells:

 Spells                   Type           Power        Failure   Level
 Foxfire                  Conj/Fire      48%          4%          1
 Conjure Flame            Conj/Fire      12%          16%         3
 Confusing Touch          Hex            8%           24%         3
 Gell's Gravitas          Tloc           4%           24%         3
 Iron Shot                Conj/Erth      17%          52%         6
 Fireball                 Conj/Fire      6%           80%         5
 Yara's Violent Unravell  Hex/Tmut       5%           88%         5
 Metabolic Englaciation   Hex/Ice        4%           92%         5
 Shatter                  Erth           25%          100%        9


Dungeon Overview and Level Annotations

Branches:
Dungeon (11/15)            Temple (1/1) D:6            Lair (0/6) D:9
    Orc (0/2) D:9

Altars:
Ashenzari
Cheibriados
Dithmenos
Elyvilon
Fedhas
Gozag
Hepliaklqana
Kikubaaqudgha
Makhleb
Nemelex Xobeh
Okawaru
Qazlal
Ru
Sif Muna
Trog
Uskayaw
Vehumet
Wu Jian
Xom
Yredelemnul
Zin
The Shining One

Shops:
D:5 ![}(?   D:9 !*=(   D:11 **

Annotations:
D:7 3 runed translucent doors, SpoonFarmer's ghost, novice MiFi
D:14 Frances


Innate Abilities, Weirdness & Mutations

You are resistant to torment.
Your stone body is resilient. (AC +8)
You are immune to poison.
You resist negative energy. (rN+)
You are resistant to electric shocks. (rElec)
You can survive without breathing.
You are immune to petrification.
You are immune to miasma.
Your body sometimes deteriorates upon taking damage.
You are somewhat resistant to further mutation.
You are robust. (+10% HP)


Message History

Confirm with . or Enter, or press ? or * to list all spells.
Aiming: Lee's Rapid Deconstruction (dangerous; 1% risk of failure)
Press: ? - help, Dir - move target A rock wall.
Okay, then.
Unknown command.
Casting: Lee's Rapid Deconstruction (dangerous; 1% risk of failure)
Confirm with . or Enter, or press ? or * to list all spells.
Okay, then.
Unknown command.
Casting: Lee's Rapid Deconstruction (dangerous; 1% risk of failure)
Confirm with . or Enter, or press ? or * to list all spells.
Aiming: Stone Arrow (safe; 1% risk of failure)
Press: ? - help, Shift-Dir - straight line The centaur shoots an arrow.
The arrow closely misses you.
The centaur shoots an arrow.
The arrow hits you.
* * * LOW HITPOINT WARNING * * *
The phantom blinks!
The centaur shoots an arrow.
The arrow hits you.
You die...
Your body crumbles into a pile of gold.

.
.#######################
>....§..........@u.....#
.....§..§......)u......#
...§§§§§c§c....uu..W...#
...§§§§§§ccc.u.........#
...§§§§§.cc(....u..§...#
.#######§###(###########
#.....Z.......#
#.....@.......#
#....Z........#


You could see 6 ugly things, a phantom and 6 centaurs.

Vanquished Creatures
  Erolcha (D:9)
  Harold (D:9)
  3 two-headed ogres
  A centaur warrior (D:14)
  A gargoyle (D:10)
  A slime creature (D:14)
  A centaur simulacrum (D:14)
  A shadow (D:14)
  11 yaks
  2 humans (D:8)
  Edmund (D:5)
  4 orc warriors
  4 phantoms
  A black bear (D:7)
  2 ice beasts
  4 sky beasts
  A necrophage (D:5)
  7 ogres
  3 centaurs
  Blork the orc (D:6)
  A big kobold (D:7)
  4 bullfrogs
  2 gnoll sergeants
  3 scorpions
  A killer bee (D:11)
  3 wights (D:8)
  A centaur zombie (D:9)
  4 jellies
  6 hounds
  9 orc priests
  5 centaur skeletons
  A gnoll shaman (D:4)
  10 orc wizards
  Natasha (thrice) (D:3)
  3 iguanas
  11 worker ants
  A hound skeleton (D:8)
  18 gnolls
  7 adders
  A shadow imp (D:6)
  2 white imps
  2 ufetubi
  An ooze (D:1)
  An adder zombie (D:5)
  A worm (D:3)
  2 dart slugs
  5 leopard geckos
  44 orcs
  5 giant cockroaches
  12 goblins
  8 hobgoblins
  8 jackals
  10 kobolds
  6 quokkas
  A ball python (D:2)
  3 bats
  5 frilled lizards
  2 leopard gecko skeletons
  A leopard gecko zombie (D:7)
  A quokka skeleton (D:8)
  5 rats
  A spectral orc (D:8)
271 creatures vanquished.

Vanquished Creatures (others)
  4 fungi (D:7)
  5 plants
9 creatures vanquished.

Grand Total: 280 creatures vanquished

Notes
Turn   | Place    | Note
-------+----------+-------------------------------------------
     0 | D:1      | ubername the Gargoyle Earth Elementalist began the quest
                  | for the Orb.
     0 | D:1      | Reached XP level 1. HP: 10/10 MP: 3/3
   176 | D:1      | Reached XP level 2. HP: 15/15 MP: 0/5
   688 | D:1      | Reached skill level 4 in Earth Magic
   694 | D:1      | Reached XP level 3. HP: 19/19 MP: 4/6
  1507 | D:2      | Found an opulent altar of Gozag.
  1534 | D:2      | Became a worshipper of Gozag Ym Sagoz the Greedy
  1862 | D:2      | Found an ancient bone altar of Kikubaaqudgha.
  1862 | D:2      | Found a burning altar of Makhleb.
  1914 | D:2      | Reached XP level 4. HP: 8/24 MP: 5/8
  3170 | D:3      | Reached XP level 5. HP: 25/28 MP: 6/9
  3372 | D:3      | Noticed Natasha
  3387 | D:3      | Killed Natasha
  3388 | D:3      | Reached skill level 5 in Earth Magic
  3716 | D:3      | Noticed Natasha
  3729 | D:3      | Killed Natasha
  3730 | D:3      | Reached skill level 1 in Fighting
  3996 | D:3      | Noticed Natasha
  4007 | D:3      | Killed Natasha
  4008 | D:3      | Reached XP level 6. HP: 23/34 MP: 9/11
  4326 | D:4      | Found a sparkling altar of Nemelex Xobeh.
  4354 | D:4      | Reached skill level 1 in Throwing
  4592 | D:4      | Reached skill level 6 in Earth Magic
  4592 | D:4      | Reached XP level 7. HP: 27/38 MP: 13/13
  4979 | D:4      | Found a hide-covered altar of Uskayaw.
  5913 | D:4      | Reached skill level 5 in Spellcasting
  6068 | D:5      | Entered Level 5 of the Dungeon
  6301 | D:5      | Reached skill level 7 in Earth Magic
  6301 | D:5      | Reached XP level 8. HP: 39/44 MP: 15/15
  6787 | D:5      | Found Plog's Magic Scroll Emporium.
  6811 | D:5      | Bought a scroll of amnesia for 49 gold pieces
  6811 | D:5      | Bought a scroll of fear for 49 gold pieces
  7314 | D:5      | Found Roddyet's Distillery.
  7319 | D:5      | Bought a potion of mutation for 96 gold pieces
  7319 | D:5      | Bought a potion of berserk rage for 60 gold pieces
  7319 | D:5      | Gained mutation: You have an increased reservoir of magic.
                  | (+10% MP) [potion of mutation]
  7319 | D:5      | Lost mutation: You have an increased reservoir of magic.
                  | (+10% MP) [potion of mutation]
  7319 | D:5      | Gained mutation: You evolve. [potion of mutation]
  7319 | D:5      | Gained mutation: You expend magic power (3 MP) to
                  | strengthen your wands. [potion of mutation]
  7322 | D:5      | Noticed Edmund
  7403 | D:5      | Found a sacrificial altar of Ru.
  7448 | D:5      | Found Pios's Gadget Emporium.
  7470 | D:5      | Found Diribugg's Armour Shoppe.
  7481 | D:5      | Found Qiahih's Weapon Boutique.
  7555 | D:5      | Bought the +0 pair of fencer's gloves {Riposte Dex+3} for
                  | 520 gold pieces
  7555 | D:5      | Found the +0 pair of fencer's gloves {Riposte Dex+3}
  7587 | D:5      | Killed Edmund
  7849 | D:5      | Reached skill level 8 in Earth Magic
  8059 | D:6      | Found a bloodstained altar of Trog.
  8174 | D:6      | Lost mutation: You expend magic power (3 MP) to strengthen
                  | your wands. [evolution]
  8189 | D:6      | Found a staircase to the Ecumenical Temple.
  8224 | Temple   | Entered the Ecumenical Temple
  8394 | D:6      | Reached XP level 9. HP: 45/49 MP: 18/18
  8541 | D:6      | Noticed Blork the orc
  8552 | D:6      | Killed Blork the orc
  8743 | D:6      | Reached skill level 9 in Earth Magic
  9144 | D:6      | Found a stormy altar of Qazlal.
  9361 | D:7      | Got an ichor-stained mace
  9370 | D:7      | Identified the +7 mace "Dierr" {antimagic, Int-3 Dex+4
                  | SInv} (You found it on level 7 of the Dungeon)
  9383 | D:7      | Noticed a two-headed ogre
  9456 | D:7      | Found a runed translucent gate.
  9456 | D:7      | Found a runed translucent gate.
  9456 | D:7      | Found a runed translucent gate.
  9480 | D:7      | Noticed SpoonFarmer's ghost (novice MiFi)
  9544 | D:7      | Learned a level 5 spell: Lee's Rapid Deconstruction
  9549 | D:7      | Learned a level 4 spell: Petrify
  9553 | D:7      | Learned a level 3 spell: Stone Arrow
  9553 | D:7      | Gained mutation: You have sharp toenails. [evolution]
  9683 | D:7      | Killed a two-headed ogre
  9684 | D:7      | Reached skill level 10 in Earth Magic
 10066 | D:7      | Reached XP level 10. HP: 50/56 MP: 22/22
 10411 | D:8      | Found a basalt altar of Yredelemnul.
 10544 | D:8      | Found an iron altar of Okawaru.
 10569 | D:8      | Gained mutation: You expend magic power (3 MP) to
                  | strengthen your wands. [evolution]
 10796 | D:8      | Lost mutation: You expend magic power (3 MP) to strengthen
                  | your wands. [potion of mutation]
 10796 | D:8      | Lost mutation: You evolve. [potion of mutation]
 10796 | D:8      | Lost mutation: You have sharp toenails. [potion of
                  | mutation]
 10796 | D:8      | Gained mutation: Your body sometimes deteriorates upon
                  | taking damage. [potion of mutation]
 10796 | D:8      | Gained mutation: Your magical capacity is low. (-10% MP)
                  | [potion of mutation]
 10796 | D:8      | Gained mutation: You have large cloven feet. [potion of
                  | mutation]
 11588 | D:9      | Lost mutation: Your magical capacity is low. (-10% MP)
                  | [potion of mutation]
 11588 | D:9      | Lost mutation: You have large cloven feet. [potion of
                  | mutation]
 11588 | D:9      | Gained mutation: You are robust. (+10% HP) [potion of
                  | mutation]
 11588 | D:9      | Gained mutation: Scrolls take you a little longer to read.
                  | [potion of mutation]
 11588 | D:9      | Gained mutation: Your body often deteriorates upon taking
                  | damage. [potion of mutation]
 11588 | D:9      | Gained mutation: You have large cloven feet. [potion of
                  | mutation]
 11615 | D:9      | Noticed a two-headed ogre
 11637 | D:9      | Killed a two-headed ogre
 11638 | D:9      | Reached skill level 11 in Earth Magic
 11908 | D:9      | Found Kyonust's Jewellery Shop.
 11931 | D:9      | Noticed Erolcha
 11949 | D:9      | Reached skill level 1 in Conjurations
 11958 | D:9      | Killed Erolcha
 12158 | D:9      | Found a staircase to the Orcish Mines.
 12232 | D:9      | Noticed Harold
 12250 | D:9      | Killed Harold
 12251 | D:9      | Reached skill level 5 in Stealth
 12251 | D:9      | Reached XP level 11. HP: 52/68 MP: 12/24
 12319 | D:9      | Noticed a two-headed ogre
 12344 | D:9      | Found Uleupank's Antique Weapon Shoppe.
 12350 | D:9      | Bought a translucent morningstar for 288 gold pieces
 12350 | D:9      | Identified the +8 morningstar of Poverty {drain, rPois rF+
                  | SInv} (You bought it in a shop on level 9 of the Dungeon)
 12457 | D:9      | Reached skill level 5 in Fighting
 12516 | D:9      | Found Tiutom's Distillery.
 12533 | D:9      | Identified a scroll of acquirement
 12533 | D:9      | Acquired the Collected Works on the Burning Mountains
 12537 | D:9      | Learned a level 2 spell: Passwall
 12606 | D:9      | Found Zifyrr's Assorted Antiques.
 12786 | D:9      | Killed a two-headed ogre
 12790 | D:9      | Reached skill level 1 in Evocations
 12962 | D:9      | Reached skill level 10 in Spellcasting
 12997 | D:9      | Reached skill level 12 in Earth Magic
 13127 | D:9      | Found a staircase to the Lair.
 13475 | D:10     | Entered Level 10 of the Dungeon
 13603 | D:11     | Found Onihaf's Assorted Antiques.
 13698 | D:11     | Reached skill level 1 in Maces & Flails
 13903 | D:11     | Lost mutation: You have large cloven feet. [potion of
                  | mutation]
 13903 | D:11     | Lost mutation: Your body often deteriorates upon taking
                  | damage. [potion of mutation]
 13903 | D:11     | Lost mutation: Scrolls take you a little longer to read.
                  | [potion of mutation]
 13903 | D:11     | Gained mutation: You are somewhat resistant to further
                  | mutation. [potion of mutation]
 13992 | D:11     | Found Goaher's General Store.
 14117 | D:11     | Noticed a five-headed hydra
 14163 | D:11     | You fall into a shaft and drop 3 floors!
 14163 | D:14     | Noticed a six-headed hydra
 14408 | D:14     | Noticed a catoblepas
 14444 | D:14     | Noticed a vault guard
 14445 | D:14     | Noticed a vault guard
 14456 | D:14     | Noticed a centaur warrior
 14463 | D:14     | Noticed a vault guard
 14471 | D:14     | Killed a centaur warrior
 14479 | D:14     | Noticed Frances
 14483 | D:14     | Noticed a cyan ugly thing
 14484 | D:14     | Noticed a cyan ugly thing
 14485 | D:14     | Noticed a cyan ugly thing
 14485 | D:14     | Noticed a cyan ugly thing
 14485 | D:14     | Noticed a cyan ugly thing
 14487 | D:14     | Noticed a cyan ugly thing
 14489 | D:14     | HP: 3/70 [cyan ugly thing (5)]
 14490 | D:14     | Shot with an arrow by a centaur

Illustrated notes

Levels and vault maps discovered:
D:1:      psy_arrival_spokes, layout_basic, minivault_5, serial_park_tiny_pond
D:2:      layout_loops_ring, nicolae_gozag_seed_capital,
          gammafunk_temple_overflow_wave, minmay_tetromino_o4
D:3:      layout_basic, minmay_distorted, uniq_natasha
D:4:      kennysheep_the_goblin_king, layout_cave_pools,
          nemelex_xobeh_ov_fountains_minmay, nicolae_overflow_hidden_temple
D:5:      layout_basic, serial_shops, shop, shop, nicolae_shop_behind_doors,
          kennysheep_little_box, shop_fountains,
          nicolae_ru_great_annihilating_truth, uniq_edmund
D:6:      layout_layer_cave, lightli_temple_of_fire,
          nicolae_qazlal_general_emergency, minmay_temple_entry_ruins,
          uniq_blork_the_orc
D:7:      layout_rooms, gammafunk_ghost_nasty_kobolds, serial_bayou_crossing
D:8:      layout_basic, yredelemnul_forgotten_temple_becter, okawaru_humans
D:9:      layout_long_grid, lair_entry_dummy, david_orc_3, serial_shops,
          nicolae_shop_overgrown_old_shop, shop_fountains,
          nicolae_shop_behind_doors, shop, uniq_erolcha, uniq_harold
D:10:     layout_basic, serial_shops, kennysheep_mini
D:11:     minmay_the_grid_triangle_9x9_recursive_3
          [minmay_the_grid_triangle_9x9_checkered,
          minmay_the_grid_triangle_9x9_intruding_spiral,
          minmay_the_grid_triangle_9x9_swiss_cheese,
          minmay_the_grid_triangle_9x9_prize_insulated,
          minmay_the_grid_triangle_9x9_thin_v,
          minmay_the_grid_triangle_9x9_warning,
          minmay_the_grid_triangle_9x9_sprig,
          minmay_the_grid_triangle_9x9_skeleton,
          minmay_the_grid_triangle_9x9_corruption], layout_loops_cross,
          serial_shops, shop, shop, zaba_antful_of_joy, uniq_grum
D:14:     layout_gridville, lightli_vaults_fourway_checkpoint, uniq_frances
Temple:   cyrus_circular_temple

Skill      XL: |  1  2  3  4  5  6  7  8  9 10 11 |
---------------+----------------------------------+-----
Earth Magic    | 4 5 6 7 8 10 11 12 | 12.5
Dodging        | 2 3 4 |  4.8
Stealth        | 3 4 5 |  5.1
Spellcasting   | 3 4 5 6 8 9 10 | 10.3
Fighting       | 1 2 3 4 5 |  5.4
Throwing       | 1 2 3 |  3.3
Conjurations   | 1 2 |  2.4
Evocations     | 1 |  1.0
Maces & Flails | 4 |  4.0
Short Blades   | |  0.2
Transmutations | |  0.9

Action                   |  1- 3 |  4- 6 |  7- 9 | 10-12 || total
-------------------------+-------+-------+-------+-------++-------
Melee: Unarmed           |     4 |       |       |       ||     4
       Dagger            |    52 |    41 |       |       ||    93
       Mace              |       |    20 |       |       ||    20
       Morningstar       |       |    33 |   108 |   114 ||   255
       Dire flail        |       |       |    58 |   103 ||   161
       Kick              |       |       |     5 |    42 ||    47
Throw: Dart              |     6 |    25 |    11 |     5 ||    47
       Stone             |       |     2 |     5 |       ||     7
       Javelin           |       |       |    20 |       ||    20
 Cast: Sandblast         |    32 |    38 |    87 |    53 ||   210
       Stone Arrow       |       |       |     7 |    48 ||    55
       Petrify           |       |       |     2 |       ||     2
       Lee's Rapid Decon |       |       |       |     1 ||     1
       Passwall          |       |       |       |     1 ||     1
Evoke: Wand              |       |       |       |     4 ||     4
  Use: Scroll            |     6 |     2 |     2 |     9 ||    19
       Potion            |     4 |     2 |     6 |     9 ||    21
 Stab: Sleeping          |       |     1 |     1 |     7 ||     9
       Distracted        |       |       |       |     1 ||     1
Armor: Robe              |    31 |    24 |    67 |   140 ||   262
Dodge: Dodged            |    48 |    67 |   152 |   226 ||   493
       Rpst.: Dire flail |       |       |    15 |    23 ||    38
       Morningstar       |       |       |     2 |    31 ||    33
